 Dungeon Crawl Stone Soup version 0.25.1-8-g42b30a86e7 (webtiles) character file.

Game seed: 7203414665962336899

554 hawla the Cleaver (level 7, 0/57 HPs)
             Began as a Minotaur Gladiator on Dec 16, 2020.
             Slain by a gnoll
             ... wielding a +0 whip
              (4 damage)
             ... on level 5 of the Dungeon.
             The game lasted 00:07:16 (3678 turns).

hawla the Cleaver (Minotaur Gladiator)              Turns: 3678, Time: 00:07:17

Health: 0/57       AC:  9    Str: 20    XL:     7   Next: 8%
Magic:  16/16      EV:  9    Int:  5    God:
Gold:   316        SH:  0    Dex: 12    Spells: 8/8 levels left

rFire    . . .     SeeInvis .   a - +1 war axe
rCold    . . .     Gourm    .   (no shield)
rNeg     . . .     Faith    .   l - +0 chain mail
rPois    +         Spirit   .   c - +1 hat
rElec    +         Reflect  .   (no cloak)
rCorr    .         Harm     .   (no gloves)
MR       .....                  (no boots)
Stlth    ..........             (no amulet)
HPRegen  0.19/turn              e - ring of magical power
MPRegen  0.15/turn              (no ring)

@: mighty
A: retaliatory headbutt, claws 1, horns 2, poison resistance, electricity
resistance
a: no special abilities


You were on level 5 of the Dungeon.
You were near starving.

You visited 1 branch of the dungeon, and saw 5 of its levels.

You collected 316 gold pieces.

Inventory:

Hand Weapons
 a - a +1 war axe (weapon)
Missiles
 d - 3 throwing nets (quivered)
 j - 20 poisoned darts
Armour
 c - a +1 hat (worn)
 l - a +0 chain mail (worn)
Jewellery
 e - a ring of magical power (left claw)
 g - an uncursed ring of stealth
Scrolls
 b - a scroll of enchant weapon
 h - a scroll of enchant armour
 m - a scroll of teleportation {unknown}
Comestibles
 f - 7 rations


   Skills:
 - Level 3.0 Fighting
 + Level 8.3 Axes
 - Level 3.0 Throwing
 - Level 1.0 Armour
 - Level 4.0 Dodging
 - Level 1.0 Stealth
 - Level 1.0 Spellcasting


You had 8 spell levels left.
You didn't know any spells.
Your spell library was empty.

Dungeon Overview and Level Annotations

Branches:
Dungeon (5/15)
 Temple: D:4-7

Altars:
Gozag
Nemelex Xobeh
Okawaru
Ru
Trog
Yredelemnul

Shops:
D:4 [

Annotations:
D:3 2 transporters, Greyn's ghost, amateur TrMo


Innate Abilities, Weirdness & Mutations

You reflexively headbutt those who attack you in melee.
You have a pair of horns on your head.
You have sharp fingernails.
Your system is resistant to poisons. (rPois)
You are resistant to electric shocks. (rElec)


Message History

You slash the gnoll!
The gnoll is almost dead.
The gnoll hits you but does no damage. The gnoll barely misses you.
Your chain mail prevents you from hitting the gnoll.
The gnoll is almost dead.
The gnoll closely misses you. The gnoll hits you with a +0 whip!
You closely miss the gnoll. Your headbutt misses the gnoll.
The gnoll is almost dead.
The gnoll hits you from afar with a cursed -2 halberd.
* * * LOW HITPOINT WARNING * * *
The gnoll hits you from afar with a +0 halberd.
* * * LOW HITPOINT WARNING * * *
The gnoll barely misses you.
You feel very mighty all of a sudden. The gnoll barely misses you.
The gnoll closely misses you.
The gnoll hits you from afar with a +0 halberd!
* * * LOW HITPOINT WARNING * * *
It was a potion of magic.
Magic courses through your body. The gnoll hits you with a +0 whip.
You die...

#########
#######.......#
#.......#####@#
#.#####.# ###g#
#.#####.##..gg..>.....#
#.##.......##.#######.#
#.##.##.... ..# #.#
#.......### ### #.#
#.......# #.#
####.##.##.# #.#
..#####.##.#########
#.###


You could see 3 gnolls.

Vanquished Creatures
  A crocodile (D:4)
  A howler monkey (D:4)
  A bullfrog skeleton (D:5)
  3 hounds
  An orc priest (D:4)
  A centaur skeleton (D:5)
  2 iguanas
  2 orc wizards (D:4)
  A worker ant (D:3)
  A hound skeleton (D:4)
  3 adders
  An adder zombie (D:2)
  2 worms
  A dart slug (D:3)
  4 leopard geckos
  12 orcs
  7 giant cockroaches
  2 gnoll zombies (D:3)
  4 goblins
  4 hobgoblins
  6 bats
  4 frilled lizards
  A giant cockroach zombie (D:5)
  10 kobolds
  A leopard gecko zombie (D:3)
  7 rats
83 creatures vanquished.

Notes
Turn   | Place    | Note
-------+----------+-------------------------------------------
     0 | D:1      | hawla the Minotaur Gladiator began the quest for the Orb.
     0 | D:1      | Reached XP level 1. HP: 18/18 MP: 0/0
   161 | D:1      | Reached XP level 2. HP: 25/25 MP: 1/1
   318 | D:1      | Found an iron altar of Okawaru.
   700 | D:2      | Gained mutation: You are resistant to electric shocks.
                  | (rElec) [potion of mutation]
   700 | D:2      | Gained mutation: You have sharp fingernails. [potion of
                  | mutation]
   700 | D:2      | Gained mutation: Your system is resistant to poisons.
                  | (rPois) [potion of mutation]
   703 | D:2      | Found a faded altar of an unknown god.
   726 | D:2      | Reached skill level 1 in Armour
   777 | D:2      | Reached XP level 3. HP: 30/30 MP: 2/2
   802 | D:2      | Reached skill level 1 in Stealth
  1040 | D:2      | Found a sparkling altar of Nemelex Xobeh.
  1115 | D:3      | Reached skill level 4 in Axes
  1147 | D:3      | Found a bloodstained altar of Trog.
  1320 | D:3      | Reached XP level 4. HP: 26/38 MP: 4/4
  1444 | D:3      | Noticed Greyn's ghost (amateur TrMo)
  1570 | D:3      | Found a transporter.
  1578 | D:3      | Found a transporter.
  1660 | D:3      | Reached skill level 1 in Spellcasting
  2171 | D:3      | Found a basalt altar of Yredelemnul.
  2413 | D:4      | Reached XP level 5. HP: 26/45 MP: 5/5
  2422 | D:4      | Reached skill level 5 in Axes
  2563 | D:4      | Reached skill level 6 in Axes
  2572 | D:4      | Reached XP level 6. HP: 36/51 MP: 6/6
  2903 | D:4      | Found Limatt's Armour Shoppe.
  2973 | D:4      | Reached skill level 7 in Axes
  3348 | D:5      | Entered Level 5 of the Dungeon
  3403 | D:5      | Reached skill level 8 in Axes
  3454 | D:5      | Found an opulent altar of Gozag.
  3499 | D:5      | Reached XP level 7. HP: 52/57 MP: 7/7
  3568 | D:5      | Found the +3 Elemental Staff {rElec rF++ rC++ MR++ AC+5}
  3635 | D:5      | Found a sacrificial altar of Ru.
  3678 | D:5      | Slain by a gnoll

Illustrated notes

Levels and vault maps discovered:
D:1:      scummos_arrival_checkerplants, layout_rooms, okawaru_ov_weapons_minmay
D:2:      layout_rooms, nemelex_xobeh_ov_fountains_minmay,
          chequers_ecumenical_altar_island
D:3:      layout_rooms, lemuel_zombie_altar_yredelemnul, lemuel_round_altar,
          gammafunk_ghost_arena
D:4:      layout_basic, first_ration, serial_shops, shop
D:5:      layout_loops_cross, lemuel_coloured_pillars_altar,
          overflow_temple_1_default, nicolae_ru_the_path_less_chosen

Skill      XL: |  1  2  3  4  5  6 |
---------------+-------------------+-----
Armour         | 1 |  1.0
Stealth        | 1 |  1.0
Axes           | 4 6 8 |  8.3
Fighting       | 3 |  3.0
Dodging        | 4 |  4.0
Spellcasting   | 1 |  1.0
Throwing       | 3 |  3.0

Action                   |  1- 3 |  4- 6 |  7- 9 || total
-------------------------+-------+-------+-------++-------
Melee: War axe           |    74 |   115 |    11 ||   200
       Headbutt          |     9 |    12 |     2 ||    23
  Use: Scroll            |     7 |     3 |       ||    10
       Potion            |     1 |       |     2 ||     3
  Eat: Chunk             |     1 |     6 |       ||     7
Armor: Leather armour    |     5 |       |       ||     5
       Ring mail         |    19 |     9 |       ||    28
       Chain mail        |       |    41 |     3 ||    44
Dodge: Dodged            |    54 |    63 |    10 ||   127
